 Dungeon Crawl Stone Soup version 0.20.1-1-g8b1a95d (webtiles) character file.

23 Reeggar the Magician (level 2, 0/19 HPs)
             Began as a Demonspawn Wanderer on Oct 13, 2017.
             Slain by a jackal (1 damage)
             ... on level 1 of the Dungeon.
             The game lasted 00:06:27 (1390 turns).

Reeggar the Magician (Demonspawn Wanderer)          Turns: 1390, Time: 00:06:27

Health: 0/19       AC:  2    Str: 15    XL:     2   Next: 75%
Magic:  1/6        EV: 11    Int: 10    God:
Gold:   28         SH:  0    Dex: 12    Spells: 5/8 levels left

rFire    . . .     SeeInvis .   e - +0 club
rCold    . . .     Gourm    .   (no shield)
rNeg     . . .     Faith    .   d - +0 robe
rPois    .         Spirit   .   (helmet restricted)
rElec    .         Reflect  .   (no cloak)
rCorr    .         Harm     .   (no gloves)
MR       .....                  (no boots)
Stlth    +.........             (no amulet)
Regen    0.1/turn               (no ring)
MPRegen  0.1/turn               (no ring)

@: very slightly contaminated
A: horns 1
a: no special abilities


You were on level 1 of the Dungeon.
You were not hungry.

You visited 1 branch of the dungeon, and saw 1 of its levels.

You collected 28 gold pieces.

Inventory:

Hand Weapons
 e - a +0 club (weapon)
Missiles
 g - 43 arrows
Armour
 d - a +0 robe (worn)
Jewellery
 j - an uncursed amulet of rage {unknown}
 k - an uncursed ring of ice {unknown}
Scrolls
 b - a scroll of teleportation
Potions
 h - a potion of berserk rage {unknown}
 l - 2 potions of agility {unknown}
Books
 a - a book of Minor Magic

   Spells                             Type                      Level
   a - Magic Dart                     Conjuration                  1
   b - Blink                          Translocation                2
   c - Call Imp                       Summoning                    2
   d - Slow                           Hexes                        2
   e - Conjure Flame                  Conjuration/Fire             3
   f - Mephitic Cloud                 Conjuration/Poison/Air       3
 c - Sif Muna's Incunabulum of Intoxication

   Spells                             Type                      Level
   a - Sting                          Conjuration/Poison           1
   b - Spider Form                    Transmutation/Poison         3
Comestibles
 f - a bread ration
 i - a chunk of flesh


   Skills:
 + Level 0.2 Fighting
   Level 1.0 Axes
 - Level 1.0 Throwing
 + Level 1.7 Armour
 + Level 0.3 Dodging
 + Level 3.5 Spellcasting
 + Level 0.6 Conjurations
 + Level 2.2 Poison Magic
   Level 1.0 Evocations


You had 5 spell levels left.
You knew the following spells:

 Your Spells              Type           Power        Failure   Level  Hunger
a - Sting                 Conj/Pois      #...         16%         1    #......
b - Call Imp              Summ           #.......     38%         2    ###....


Dungeon Overview and Level Annotations

Branches:
Dungeon (1/15)

Altars:


Innate Abilities, Weirdness & Mutations

You have a pair of small horns on your head.


Message History

You hit the jackal. Your headbutt misses the jackal.
The jackal is severely wounded.
The jackal bites you but does no damage.
Your crimson imp blinks!
The jackal bites you.
* * * LOW HITPOINT WARNING * * *
You barely miss the jackal.
The jackal is severely wounded.
The jackal completely misses you. The jackal bites you.
* * * LOW HITPOINT WARNING * * *
Casting: Sting
Confirm with . or Enter, or press ? or * to list all spells.
Aiming: Sting
Press: ? - help, Shift-Dir - straight line, f - jackal
Aim: a jackal (severely wounded)
You miscast Sting.
You are very lightly contaminated with residual magic.
Wisps of poison gas drift from your hands.
The jackal barely misses you. The jackal bites you.
You die...

#########
..#######.......########
.......@h†..............
.....####5......####)...
... #.......#....... .
#.......#....... ...
#.......#....... ...
#########....... ...
#....... .#######
#...##.# .##....#
##...##..


You could see a jackal and a friendly crimson imp.

Vanquished Creatures
  3 giant cockroaches (D:1)
  3 hobgoblins (D:1)
  2 jackals (D:1)
  2 bats (D:1)
  2 frilled lizards (D:1)
  3 goblins (D:1)
  3 kobolds (D:1)
  3 rats (D:1)
21 creatures vanquished.

Vanquished Creatures (collateral kills)
  A jackal (D:1)
1 creature vanquished.

Grand Total: 22 creatures vanquished

Notes
Turn   | Place    | Note
-------+----------+-------------------------------------------
     0 | D:1      | Reeggar the Demonspawn Wanderer began the quest for the Orb.
     0 | D:1      | Reeggar set off with: a book of Minor Magic, a scroll of teleportation, Sif Muna's Incunabulum of Intoxication, a +0 robe, a +0 club, a bread ration
     0 | D:1      | Reached XP level 1. HP: 13/13 MP: 4/4
     0 | D:1      | Identified Sif Muna's Incunabulum of Intoxication
     2 | D:1      | Learned a level 1 spell: Sting
   769 | D:1      | Gained mutation: You have a pair of small horns on your head. [demonic ancestry]
   769 | D:1      | Reached XP level 2. HP: 10/19 MP: 0/6
  1308 | D:1      | Learned a level 2 spell: Call Imp
  1390 | D:1      | Slain by a jackal

Action                   || total
-------------------------++-------
Melee: Club              ||    45
       Headbutt          ||     4
 Cast: Sting             ||    38
       Call Imp          ||     1
  Use: Scroll            ||     1
  Eat: Chunk             ||     2
Armor: Robe              ||    25
Dodge: Dodged            ||    64
